 Dungeon Crawl Stone Soup version 0.30.1 (webtiles) character file.

Game seed: 11853406416785226452

101 safid the Chiller (level 4, -8/34 HPs)
             Began as a Merfolk Ice Elementalist on July 7, 2023.
             Killed from afar by an orc wizard (9 damage)
             ... with a puff of flame
             ... on level 3 of the Dungeon.
             The game lasted 00:02:13 (1948 turns).

safid the Chiller (Merfolk Ice Elementalist)        Turns: 1948, Time: 00:02:13

Health: -8/34      AC:  2    Str:  8    XL:     4   Next: 75%
Magic:  8/8        EV: 12    Int: 16    God:
Gold:   177        SH:  0    Dex: 14    Spells: 8/9 levels left

rFire   . . .        d - +0 short sword
rCold   . . .        (no shield)
rNeg    . . .        a - +0 robe
rPois   .            (no helmet)
rElec   .            (no cloak)
rCorr   .            (no gloves)
SInv    .            (no boots)
Will    .....        (no amulet)
Stlth   +            (no ring)
HPRegen 0.25/turn    (no ring)
MPRegen 0.11/turn

%: no passive effects
@: confused, brilliant, flying
A: (nimble swimmer 2), mertail
a: no special abilities


You were on level 3 of the Dungeon.
You visited 1 branch of the dungeon, and saw 3 of its levels.

You collected 177 gold pieces.

Inventory:

Hand Weapons
 d - a +0 short sword (weapon)
Missiles
 f - a throwing net
Armour
 a - a +0 robe (worn)
Jewellery
 e - a +5 ring of evasion
Scrolls
 c - 4 scrolls of identify {unknown}
 h - 3 scrolls of teleportation {unknown}
 l - a scroll of immolation {unknown}
 m - a scroll of noise {unknown}
 n - a scroll of torment {unknown}
 q - a scroll of fear {unknown}
Potions
 b - a potion of magic
 g - a potion of flight
 i - a potion of brilliance
 j - a potion of might {unknown}
 k - a potion of ambrosia
 o - a potion of curing {unknown}
 p - a potion of heal wounds {unknown}


   Skills:
 + Level 2.4 Fighting
 - Level 2.6 Dodging
 - Level 2.1 Stealth
 + Level 3.0 Spellcasting
 + Level 5.2 Ice Magic


You had 8 spell levels left.
You knew the following spells:

 Your Spells              Type           Power      Damage    Failure   Level
a - Freeze                Ice            100%       1d10      2%          1

Your spell library contained the following spells:

 Spells                   Type           Power      Damage    Failure   Level
 Frozen Ramparts          Ice            56%        1d9       7%          3
 Ozocubu's Armour         Ice            28%        N/A       7%          3
 Lesser Beckoning         Tloc           6%         N/A       28%         2
 Scorch                   Fire           6%         2d5       28%         2
 Gell's Gravitas          Tloc           3%         N/A       50%         3
 Teleport Other           Tloc           3%         N/A       50%         3
 Summon Ice Beast         Ice/Summ       16%        N/A       54%         4
 Flame Wave               Conj/Fire      3%         2d5       88%         4
 Summon Cactus Giant      Summ           1%         N/A       100%        6


Dungeon Overview and Level Annotations

Branches:
Dungeon (3/15)

Altars:
Gozag
Makhleb


Innate Abilities, Weirdness & Mutations

((You are very nimble when in or above water. (Stealth+, EV+, Speed+++)))
Your lower body shifts to a powerful aquatic tail in water.


Message History

Magic courses through your body. The orc hits you with a +0 trident.
* * * LOW HITPOINT WARNING * * *
Casting: Freeze (safe; 2% risk of failure)
Confirm with . or Enter, or press ? or * to list all spells.
Aiming: Freeze (safe; 2% risk of failure)
Press: ? - help, Shift-Dir - straight line, f/p - orc
Aim: an orc, wielding a +0 trident and wearing a +0 ring mail (heavily wounded)
You freeze the orc.
You kill the orc!
Unknown command.
Something hits you.
* * * LOW HITPOINT WARNING * * *
You hit something. Something hits you but does no damage.
It was a potion of ambrosia.
You are confused.
You feel invigorated. Something hits you.
* * * LOW HITPOINT WARNING * * *
You hear some strange, mumbled words.
A puff of flame appears from out of thin air!
The puff of flame hits you.
* * * LOW HITPOINT WARNING * * *
You feel less invigorated.
You feel less confused. Something hits you.
* * * LOW HITPOINT WARNING * * *
You hear some strange, mumbled words.
You are confused.
Something hits you.
* * * LOW HITPOINT WARNING * * *
Something hits you.
* * * LOW HITPOINT WARNING * * *
It was a potion of flight.
You feel very buoyant.
You fly up into the air.
Something hits you but does no damage.
It was a potion of brilliance.
You feel clever all of a sudden.
You hear some strange, mumbled words.
A puff of flame appears from out of thin air!
The puff of flame hits you!
You die...

#.###.# #.# #.# #.# #.# #.#
#.# ##.###.# #...##.#
######... ###...##.#
#......# .
#........########.#### ...
#.............@{ol.?.#....#
#.......####.####.......o.#
###...### #.......#.#...##
#...# ######..?.......
##### #..#.##...# #..###
o.. #..# ## #... ##.


You could see an orc and a frilled lizard.

Vanquished Creatures
  An orc priest (D:3)
  3 adders
  A dart slug (D:3)
  3 orcs
  3 endoplasms
  2 giant cockroaches
  4 goblins
  2 hobgoblins
  2 jackals (D:1)
  5 kobolds (D:1)
  A quokka (D:1)
  4 ball pythons (D:1)
  2 bats (D:2)
  A frilled lizard (D:3)
  5 rats
39 creatures vanquished.

Notes
Turn   | Place    | Note
-------+----------+-------------------------------------------
     0 | D:1      | safid the Merfolk Ice Elementalist began the quest for the
                  | Orb.
     0 | D:1      | Reached XP level 1. HP: 13/13 MP: 3/3
   211 | D:1      | Found a faded altar of an unknown god.
   342 | D:1      | Reached XP level 2. HP: 16/20 MP: 5/5
   422 | D:1      | Reached skill level 1 in Fighting
   933 | D:2      | Reached XP level 3. HP: 17/26 MP: 6/6
  1109 | D:2      | Found a burning altar of Makhleb.
  1307 | D:2      | Identified the +3 ring mail "Fompucw" {*Corrode rN+++
                  | Dex+3}
  1797 | D:3      | Found an opulent altar of Gozag.
  1894 | D:3      | Reached skill level 5 in Ice Magic
  1923 | D:3      | Reached XP level 4. HP: 24/33 MP: 5/8
  1939 | D:3      | HP: 1/34 [something (1)]
  1946 | D:3      | HP: 1/34 [something (4)]
  1948 | D:3      | Killed from afar by an orc wizard

Illustrated notes

Levels and vault maps discovered:
D:1:      dpeg_arrival_court, layout_loops_ring,
          shapermc_ecumenical_altar_totnotflames, serial_glass, glass_columns_a,
          glass_columns_a
D:2:      layout_basic, basic_altar
D:3:      layout_loops_ring, beargit_hepliaklqana_dungeon_heroes,
          mainiacjoe_overflow_alcove_4, serial_shops, nicolae_diamond_shop

Skill      XL: |  1  2  3  4 |
---------------+-------------+-----
Fighting       | 1 2 |  2.4
Ice Magic      | 5 |  5.2
Spellcasting   | 3 |  3.0
Dodging        | |  2.6
Stealth        | |  2.1

Action                     |  1- 3 |  4- 6 || total
---------------------------+-------+-------++-------
  Melee: Short sword       |    62 |     8 ||    70
         Unarmed           |     2 |       ||     2
   Cast: Freeze            |    26 |     7 ||    33
    Use: Potion            |       |     4 ||     4
   Stab: Sleeping          |     8 |       ||     8
 Armour: Robe              |    11 |     2 ||    13
  Dodge: Dodged            |    57 |     5 ||    62
